[Event "Allsvenskan div 1, gr.3, R1. SS Manhem - Hultsfreds SK"]
[Site "Goteborg, Sweden"]
[Date "2019.10.20"]
[Round "1.1"]
[White "Lindborg, Patrik"]
[Black "Fendrich, David"]
[Result "1/2-1/2"]
[TimeControl "90 min. for 40 moves + 30 min. + 30 seconds per move from move one."]
[WhiteElo "2117"]
[BlackElo "2216"]

1. d4 e6 2. c4 b6 3. Nf3 Bb7 4. e3 f5 5. Bd3 Nf6 6. O-O Be7 7. Nc3 O-O 8. d5 Na6 9. Nd4 Nc5 10.
Be2 a5 11. Bf3 Nfe4 12. Bxe4 fxe4 13. Qg4 Rf6 14. Nxe4 Rg6 15. Qf3 Nxe4 16. Qxe4 Qf8 17. Ne2 exd5 18. cxd5 Bd6 19. Nf4 Rh6 20.
Rd1 Re8 21. Qc4 Qf5 22. h3 g5 23. Ne2 Rh4 24. Qd3 Qf7 25. f4 gxf4 26. Nxf4 Bxf4 27. exf4 Rh5 28. Bd2 Rxd5 29. Qg3+ Qg6 30.
Qxg6+ hxg6 31. Kf2 Rd3 32. Bc3 Rxd1 33. Rxd1 d5 34. Re1 Rxe1 35. Kxe1 c5 36. Be5 b5 37. a4 bxa4 38. Bc7 d4 39. Bb6 Bxg2 40. Bxc5 Bxh3 41.
Bxd4 Kf7 1/2-1/2

[Event "Allsvenskan div 1, gr.3, R1. SS Manhem - Hultsfreds SK"]
[Site "Goteborg, Sweden"]
[Date "2019.10.20"]
[Round "1.2"]
[White "Welin, Mats"]
[Black "Alm, Håkan"]
[Result "1-0"]
[TimeControl "90 min. for 40 moves + 30 min. + 30 seconds per move from move one."]
[WhiteTitle "FM"]
[WhiteElo "2306"]
[BlackElo "2276"]

1. e4 e5 2. Nf3 Nf6 3. Nxe5 d6 4. Nf3 Nxe4 5. d4 Be7 6. Bd3 d5 7. O-O Nc6 8. c4 Nb4 9. Be2 dxc4 10.
Bxc4 O-O 11. Ne5 c5 12. Qe2 Nf6 13. dxc5 Bxc5 14. Nc3 Bf5 15. Bg5 Qc7 16. Bxf6 gxf6 17. Ng4 Bxg4 18. Qxg4+ Kh8 19.
Rae1 Rad8 20. Qf5 Bd4 21. Re4 Qxc4 22. Rh4 1-0

[Event "Allsvenskan div 1, gr.3, R1. SS Manhem - Hultsfreds SK"]
[Site "Goteborg, Sweden"]
[Date "2019.10.20"]
[Round "1.3"]
[White "Kring, Stephan"]
[Black "Bengtsson, Jonas"]
[Result "0-1"]
[TimeControl "90 min. for 40 moves + 30 min. + 30 seconds per move from move one."]
[WhiteElo "2104"]
[BlackElo "2166"]

1. d4 Nf6 2. c4 e6 3. Nf3 b6 4. g3 Ba6 5. Qa4 Bb7 6. Bg2 c5 7. e3 Be7 8. O-O O-O 9. Nc3 d6 10.
Re1 a6 11. Qc2 Nbd7 12. b3 Qc7 13. Bb2 Rac8 14. Rad1 cxd4 15. Nxd4 Bxg2 16. Kxg2 Qb7+ 17. e4 Rfe8 18. f3 Bf8 19.
Qe2 Rc7 20. Rd2 Rec8 21. Red1 g6 22. Qe3 Nc5 23. Nde2 b5 24. cxb5 axb5 25. Nxb5 Nfxe4 26. Nxc7 Nxd2 27. Nxe6 Nxf3 28.
Qxf3 Qxf3+ 29. Kxf3 fxe6 30. Nf4 Kf7 31. Rc1 e5 32. Nd5 Ke6 33. Ne3 Bh6 34. b4 Rf8+ 35. Ke2 Ne4 36. Rf1 Rb8 37.
a3 Bxe3 38. Kxe3 d5 39. Rc1 Nd6 40. Rc2 Nc4+ 41. Ke2 Kf5 42. Bc1 Ke4 43. Rc3 Rc8 44. b5 d4 45. Rb3 Na5 46. Rb1 d3+ 47.
Ke1 Kf3 48. a4 e4 49. Bd2 Nc4 50. b6 e3 51. Bxe3 Kxe3 52. b7 d2+ 53. Kd1 Nb2+ 0-1

[Event "Allsvenskan div 1, gr.3, R1. SS Manhem - Hultsfreds SK"]
[Site "Goteborg, Sweden"]
[Date "2019.10.20"]
[Round "1.4"]
[White "Berggren Torell, Harald"]
[Black "Persson, Staffan"]
[Result "1/2-1/2"]
[TimeControl "90 min. for 40 moves + 30 min. + 30 seconds per move from move one."]
[WhiteElo "2117"]
[BlackElo "2095"]

1. f4 d5 2. Nf3 c5 3. g3 Nc6 4. d3 g6 5. Bg2 Bg7 6. O-O Nf6 7. c3 O-O 8. Na3 Re8 9. Ne5 Qb6 10.
Qb3 Qxb3 11. axb3 Na5 12. Nb5 Nxb3 13. Ra3 Nxc1 14. Nc7 Nxe2+ 15. Kf2 Nxf4 16. Nxa8 Nh3+ 17. Ke1 a6 18. Nb6 Be6 19.
Ra5 Rd8 20. Rxc5 Rd6 21. Nc8 Rd8 22. Nb6 Rd6 23. Nc8 Rd8 1/2-1/2

[Event "Allsvenskan div 1, gr.3, R1. SS Manhem - Hultsfreds SK"]
[Site "Goteborg, Sweden"]
[Date "2019.10.20"]
[Round "1.6"]
[White "Möller, Jan"]
[Black "Wademark, Helge"]
[Result "1-0"]
[TimeControl "90 min. for 40 moves + 30 min. + 30 seconds per move from move one."]
[WhiteElo "2091"]
[BlackElo "1993"]

1. Nf3 d5 2. d4 c6 3. c4 e6 4. Nc3 f5 5. g3 Nf6 6. Bg2 Bd6 7. Bf4 Qc7 8. Bxd6 Qxd6 9. Ne5 b6 10.
O-O O-O 11. cxd5 exd5 12. Rc1 Bb7 13. Qc2 g6 14. a3 Nbd7 15. f4 Kg7 16. b4 Rfc8 17. Qb3 Ne4 18. Nxe4 fxe4 19. Bh3 Rc7 20.
Bxd7 Rxd7 21. Nxd7 Qxd7 22. e3 Ba6 23. Rf2 Bc4 24. Rxc4 dxc4 25. Qxc4 Rf8 26. Rc2 Rf6 27. a4 Kh6 28.
b5 c5 29. Kg2 cxd4 30. Qxd4 Qe7 31. Rc6 Rxc6 32. bxc6 Qe6 33. Qd7 Qa2+ 34. Kh3 Qe2 35. Qg4 Qc4 36. Qg5+ Kg7 37. Qe7+ Kh6 38.
c7 Qc6 39. Qf8+ Kh5 40. g4# 1-0

[Event "Allsvenskan div 1, gr.3, R1. SS Manhem - Hultsfreds SK"]
[Site "Goteborg, Sweden"]
[Date "2019.10.20"]
[Round "1.7"]
[White "Beijer, Fabian"]
[Black "Krantz, Martin"]
[Result "0-1"]
[TimeControl "90 min. for 40 moves + 30 min. + 30 seconds per move from move one."]
[WhiteElo "1981"]
[BlackElo "1986"]

1. d4 e6 2. Bf4 Bd6 3. Bg3 f5 4. e3 Nf6 5. Nf3 b6 6. c3 Bb7 7. Nbd2 Ne4 8. Nxe4 Bxe4 9. Ne5 O-O 10.
Nc4 Be7 11. f3 Bb7 12. Bd3 d5 13. Nd2 c5 14. Qe2 Nc6 15. O-O Bd6 16. f4 Kh8 17. Nf3 Qe8 18. Ne5 Nxe5 19. fxe5 Be7 20.
a4 a5 21. b3 Qd7 22. Bb5 Bc6 23. Bxc6 Qxc6 24. Qb5 Rfc8 25. Rfc1 Qxb5 26. axb5 c4 27. Ra4 cxb3 28. Be1 Rc4 0-1

[Event "Allsvenskan div 1, gr.3, R1. SS Manhem - Hultsfreds SK"]
[Site "Goteborg, Sweden"]
[Date "2019.10.20"]
[Round "1.8"]
[White "Lindholm, Gustav"]
[Black "Sköld, Kent-Åke"]
[Result "1-0"]
[TimeControl "90 min. for 40 moves + 30 min. + 30 seconds per move from move one."]
[WhiteElo "1923"]
[BlackElo "1886"]

1. d4 Nf6 2. c4 g6 3. Nc3 Bg7 4. e4 d6 5. Nf3 O-O 6. Be2 c6 7. O-O Nbd7 8. Be3 a6 9. Rc1 b5 10.
cxb5 cxb5 11. b4 Bb7 12. Nd2 Ne8 13. Nb3 Rc8 14. Na5 Ba8 15. f3 f5 16. a4 Nc7 17. Qb3+ Kh8 18. axb5 axb5 19.
exf5 Rxf5 20. Bd3 Rh5 21. g4 Rh3 22. Kg2 Rh4 23. h3 e5 24. Nxb5 Nxb5 25. Rxc8 Qxc8 26. Bxb5 exd4 27. Bg5 Rh6 28.
Rc1 Qe8 29. Rc7 Qe5 30. Bxh6 Bxh6 31. Rxd7 Qxb5 32. Rd8+ Kg7 33. Qg8+ Kf6 34. Rxd6+ 1-0